 Dungeon Crawl Stone Soup version 0.30-a0-210-g01b79a254e (webtiles) character file.

Game seed: 16445968620653239735

1542 Iusername the Cleaver (level 8, -4/70 HPs)
             Began as a Minotaur Fighter on Oct 3, 2022.
             Slain by a gargoyle
             ... wielding a +0 morningstar
              (8 damage)
             ... on level 8 of the Dungeon on Oct 4, 2022.
             The game lasted 00:06:15 (4554 turns).

Iusername the Cleaver (Minotaur Fighter)            Turns: 4554, Time: 00:06:16

Health: -4/70      AC: 12    Str: 24    XL:     8   Next: 56%
Magic:  7/7        EV: 10    Int:  5    God:
Gold:   205        SH:  5    Dex: 15    Spells: 7/7 levels left

rFire   . . .      SeeInvis .    a - +1 war axe
rCold   . . .      Faith    .    c - +0 buckler
rNeg    . . .      Spirit   .    b - +0 scale mail
rPois   .          Reflect  .    (helmet restricted)
rElec   .          Harm     .    e - +2 cloak
rCorr   .          Rampage  .    (no gloves)
Will    .....                    o - +0 pair of boots
Stlth   ..........               (no amulet)
HPRegen 0.31/turn                g - +6 ring of dexterity
MPRegen 0.10/turn                (no ring)

@: no status effects
A: horns 2, retaliatory headbutt
a: no special abilities


You were on level 8 of the Dungeon.
You visited 1 branch of the dungeon, and saw 6 of its levels.

You collected 205 gold pieces.

Inventory:

Hand Weapons
 a - a +1 war axe (weapon)
Armour
 b - a +0 scale mail (worn)
 c - a +0 buckler (worn)
 e - a +2 cloak (worn)
 o - a +0 pair of boots (worn)
Jewellery
 g - a +6 ring of dexterity (left hand)
Wands
 s - a wand of roots (8)
 u - a wand of flame (9) (quivered)
Scrolls
 d - a scroll of identify
 j - a scroll of enchant weapon
 k - a scroll of magic mapping
 n - 2 scrolls of enchant armour
 r - a scroll of summoning
Potions
 h - a potion of heal wounds {unknown}
 m - 3 potions of curing
 p - a potion of flight {unknown}
 t - 2 potions of ambrosia {unknown}


   Skills:
 + Level 5.6 Fighting
 + Level 8.9 Axes
 + Level 7.8 Armour
 + Level 1.9 Dodging
 + Level 1.1 Stealth
 + Level 5.1 Shields
 + Level 0.8 Evocations


You had 7 spell levels left.
You didn't know any spells.
Your spell library contained the following spells:

 Spells                   Type           Power      Damage    Failure   Level
 Sandblast                Erth           0%         2d4       83%         1
 Passwall                 Tmut/Erth      0%         N/A       92%         2
 Gell's Gravitas          Tloc           0%         N/A       99%         3
 Lesser Beckoning         Tloc           0%         N/A       99%         3
 Stone Arrow              Conj/Erth      0%         3d7       99%         3
 Teleport Other           Tloc           0%         N/A       99%         3


Dungeon Overview and Level Annotations

Branches:
Dungeon (5/15)
 Temple: D:4-7

Altars:
Trog
Vehumet


Innate Abilities, Weirdness & Mutations

You have a pair of horns on your head.
You reflexively headbutt those who attack you in melee.


Message History

You slash the gargoyle!
You headbutt the gargoyle, but do no damage.
The gargoyle is severely damaged.
The gargoyle closely misses you.
You hit the gargoyle but do no damage.
The gargoyle is severely damaged.
The gargoyle closely misses you.
You hit the gargoyle but do no damage.
You headbutt the gargoyle, but do no damage.
The gargoyle is heavily damaged.
The gargoyle hurls a stone arrow at you.
You block the stone arrow.
Unknown command.
You hit the gargoyle but do no damage.
You headbutt the gargoyle, but do no damage.
The gargoyle is heavily damaged.
The gargoyle barely misses you.
A wight comes into view. It is wielding a +0 scimitar.
You hit the gargoyle but do no damage.
The gargoyle is heavily damaged.
The gargoyle barely misses you.
Unknown command.
You closely miss the gargoyle.
The gargoyle is heavily damaged.
The gargoyle hurls a stone arrow at you.
The stone arrow misses you.
Unknown command.
You slash the gargoyle!
The gargoyle is almost destroyed.
The gargoyle hits you with a +0 morningstar!
* * * LOW HITPOINT WARNING * * *
You hit the gargoyle but do no damage.
The gargoyle is almost destroyed.
The gargoyle hits you with a +0 morningstar!
* * * LOW HITPOINT WARNING * * *
Unknown command.
You hit the gargoyle but do no damage.
The gargoyle is almost destroyed.
The gargoyle hits you with a +0 morningstar!
You die...

....##.#####.......#.#
...## ##########.#
.#... ...........#
.#### ##......######
.# #......# .~~#
.~###....###.~~.
.~≈#......#~≈~~.
~≈≈........~≈~~.
≈~#..9@..#~≈~~. .
##..†.###.~~.
≈≈#......#~~~~.
≈~z....!..~≈~~.
~~~#......#~≈~~.
~.###....###.~~P ~
#...... ≈~.#
≈≈......). .##
≈≈#......#≈ .


You could see a gargoyle and a wight.

Vanquished Creatures
  Erica (D:8)
  A yak (D:8)
  A water moccasin (D:4)
  An ice beast (D:5)
  2 black bears
  A necrophage (D:8)
  2 jellies (D:5)
  A hound (D:4)
  2 iguanas (D:4)
  Natasha (thrice) (D:4)
  Robin (D:2)
  5 adders (D:3)
  3 worms
  2 dart slugs
  9 orcs
  7 endoplasms
  2 giant cockroaches
  12 goblins
  12 hobgoblins
  6 kobolds
  5 quokkas
  8 ball pythons
  5 bats
  4 frilled lizards
  10 rats
106 creatures vanquished.

Vanquished Creatures (others)
  9 plants (D:8)
9 creatures vanquished.

Grand Total: 115 creatures vanquished

Notes
Turn   | Place    | Note
-------+----------+-------------------------------------------
     0 | D:1      | Iusername the Minotaur Fighter began the quest for the Orb.
     0 | D:1      | Reached XP level 1. HP: 19/19 MP: 0/0
    50 | D:1      | Reached XP level 2. HP: 27/27 MP: 1/1
   428 | D:1      | Found a faded altar of an unknown god.
   582 | D:2      | Noticed Robin
   588 | D:2      | Reached XP level 3. HP: 32/33 MP: 2/2
   592 | D:2      | Reached skill level 3 in Axes
   595 | D:2      | Killed Robin
  1363 | D:3      | Reached XP level 4. HP: 30/40 MP: 3/3
  1580 | D:3      | Noticed a black bear
  1584 | D:3      | Killed a black bear
  1585 | D:3      | Reached skill level 4 in Axes
  1585 | D:3      | Reached XP level 5. HP: 31/47 MP: 4/4
  1786 | D:3      | Reached skill level 5 in Axes
  2205 | D:3      | Noticed a moth of wrath
  2286 | D:3      | Upgraded the game from 0.30-a0-187-gd9c2deaf24 to
                  | 0.30-a0-210-g01b79a254e
  2612 | D:3      | Found a bloodstained altar of Trog.
  2786 | D:4      | Reached XP level 6. HP: 53/53 MP: 5/5
  2824 | D:4      | Noticed Natasha
  2826 | D:4      | Reached skill level 5 in Armour
  2830 | D:4      | Killed Natasha
  2987 | D:4      | Found a radiant altar of Vehumet.
  3067 | D:4      | Noticed a water moccasin
  3074 | D:4      | Killed a water moccasin
  3075 | D:4      | Reached skill level 5 in Fighting
  3075 | D:4      | Reached skill level 6 in Axes
  3101 | D:4      | Reached XP level 7. HP: 40/61 MP: 6/6
  3118 | D:4      | Reached skill level 1 in Dodging
  3581 | D:4      | Noticed Natasha
  3588 | D:4      | Killed Natasha
  3674 | D:4      | Noticed Natasha
  3680 | D:4      | Killed Natasha
  3749 | D:5      | Entered Level 5 of the Dungeon
  3793 | D:5      | Reached skill level 7 in Axes
  4162 | D:5      | You fall into a shaft and drop 3 floors!
  4175 | D:8      | Noticed a yak
  4194 | D:8      | Killed a yak
  4328 | D:8      | Noticed Erica
  4338 | D:8      | Killed Erica
  4339 | D:8      | Reached skill level 8 in Axes
  4339 | D:8      | Reached skill level 1 in Stealth
  4339 | D:8      | Reached skill level 5 in Shields
  4339 | D:8      | Reached XP level 8. HP: 46/69 MP: 7/7
  4532 | D:8      | Noticed a gargoyle
  4554 | D:8      | Slain by a gargoyle

Illustrated notes

Levels and vault maps discovered:
D:1:      evilmike_arrival_plus, layout_basic,
          dreamdust_ecumenical_altar_angels_and_demons, serial_bayou_crossing
D:2:      layout_basic, uniq_robin
D:3:      minmay_bubble_buster, layout_basic, tgw_trog,
          minmay_misc_feat_secret_circle, chequers_serial_rivers_small_b,
          minmay_misc_feat_diagonals, nicolae_figureground_sparkle
D:4:      layout_basic, mainiacjoe_overflow_six_doors_small, uniq_natasha
D:5:      layout_rooms, grunt_decor_clamped, dreamdust_mushroom_princess
D:8:      wad_lake_hut, layout_basic, lemuel_doored_altar, uniq_grum,
          uniq_erica, uniq_gastronok, uniq_psyche

Skill      XL: |  1  2  3  4  5  6  7 |
---------------+----------------------+-----
Fighting       | 4 5 |  5.6
Armour         | 4 5 7 |  7.8
Shields        | 4 5 |  5.1
Axes           | 3 4 5 6 8 |  8.9
Dodging        | 1 |  1.9
Stealth        | 1 |  1.1
Evocations     | |  0.8

Action                   |  1- 3 |  4- 6 |  7- 9 || total
-------------------------+-------+-------+-------++-------
Melee: War axe           |    67 |    99 |    65 ||   231
       Headbutt          |    10 |    18 |    19 ||    47
Evoke: Wand              |       |       |     6 ||     6
  Use: Potion            |       |     1 |     1 ||     2
       Scroll            |       |       |    10 ||    10
Armor: Scale mail        |    28 |    35 |    15 ||    78
Dodge: Dodged            |    38 |    41 |    29 ||   108
Block: Buckler           |    14 |    31 |    11 ||    56

Table legend: (Time is in decaauts)
 A = Elapsed time spent in this place.
 B = Non-inter-level travel time spent in this place.
 C = Inter-level travel time spent in this place.
 D = Time resting spent in this place.
 E = Time spent auto-exploring this place.
 F = Levels seen in this place.
 G = Mean time per level.
                   A        B        C        D        E       F      G
               +--------+--------+--------+--------+--------+-----+--------+
         Total |   4624 |   4410 |    214 |    900 |   2796 |   6 |  770.7 |
       Dungeon |   4624 |   4410 |    214 |    900 |   2796 |   6 |  770.7 |
               +--------+--------+--------+--------+--------+-----+--------+

Top non-repeatable levels by time:
     D:3: 1375 daAuts
     D:4: 1057 daAuts
     D:2: 827 daAuts
     D:1: 555 daAuts
     D:5: 414 daAuts
     D:8: 394 daAuts
